 Dungeon Crawl Stone Soup version 0.15-a0-734-g2b8d6ef (console) character file.

75464 Plastic the Bludgeoner (level 15, -5/161 HPs)
             Began as an Ogre Fighter on May 9, 2014.
             Was an Initiate of Gozag.
             Slain by an emperor scorpion (27 damage)
             ... on Level 5 of the Spider Nest on May 11, 2014.
             The game lasted 02:12:17 (15343 turns).

Plastic the Bludgeoner (Ogre Fighter)              Turns: 15343, Time: 02:12:18

HP  -5/161       AC 19     Str 29      XL: 15   Next: 50%
MP  25/25        EV 15     Int  8      God: Gozag
Gold 3912        SH 42     Dex 14      Spells:  8 memorised,  2 levels left

rFire  + + .     SeeInvis .     s - +2,+0 morningstar of True Grit {elec, rF+ rC- MR++}
rCold  . . .     Clarity  +     r - +4 troll leather armour
rNeg   . . .     Conserve .     e - +0 large shield
rPois  +         rCorr    .     x - +0 hat
rElec  +         rRot     .     l - +1 cloak
SustAb . .       Spirit   .     (gloves unavailable)
rMut   .         Warding  .     (boots unavailable)
Saprov + . .     Stasis   .     K - amulet of clarity
MR     +++..                    P - +4 ring of protection
                                V - +4 ring of protection

@: agile, lethally poisoned, very slightly contaminated, extremely resistant to
hostile enchantments, unstealthy
A: unfitting armour, fast metabolism 1, saprovore 1, tough skin 1
a: Potion Petition, Call Merchant, Bribe Branch, Renounce Religion


You were on level 5 of the Spider Nest.
You worshipped Gozag.
Gozag was noncommittal.
You were very full.

You visited 6 branches of the dungeon, and saw 32 of its levels.
You visited 1 bazaar.
You also visited: Labyrinth and Volcano.

You collected 5863 gold pieces.
You spent 1360 gold pieces at shops.
You paid 591 gold pieces to Gozag.

Inventory:

Hand weapons
 h - a +3,+4 flail of crushing
 j - a +0 blowgun
 s - the +2,+0 morningstar of True Grit (weapon) {elec, rF+ rC- MR++}
   (You bought it in a shop on level 4 of the Orcish Mines)

   Occasionally, upon striking a foe, it will discharge some electrical energy
   and cause terrible harm.
   It protects you from fire.
   It makes you vulnerable to cold.
   It affects your resistance to hostile enchantments.
Missiles
 q - 6 large rocks (quivered)
Armour
 e - a +0 large shield (worn)
 l - a +1 cloak (worn)
 r - a +4 troll leather armour (worn)
 x - a +0 hat (worn)
Magical devices
 c - a wand of polymorph (11)
 y - a wand of digging (7)
Comestibles
 m - 11 bread rations
Scrolls
 d - a scroll of noise
 n - a scroll of enchant armour
 p - 5 scrolls of immolation {unknown}
 C - 2 scrolls of fear
 E - a scroll of enchant weapon I
 F - 3 scrolls of blinking {unknown}
 G - a scroll of fog
 L - a scroll of magic mapping
 M - 3 scrolls of teleportation
 U - 2 scrolls of recharging {unknown}
 Z - 6 scrolls of remove curse
Jewellery
 a - an uncursed ring of positive energy
 b - an uncursed ring of ice
 f - an uncursed ring of ice
 o - an uncursed ring of fire
 w - an uncursed ring of positive energy
 K - an amulet of clarity (around neck)
 P - a +4 ring of protection (right hand)
 V - a +4 ring of protection (left hand)
Potions
 g - 2 potions of flight
 u - 3 potions of haste
 v - 4 potions of heal wounds
 z - a potion of resistance
 A - 7 potions of curing
 I - a potion of brilliance
Books
 i - a book of Enchantments

   Spells                             Type                      Level
   Cause Fear                         Hexes                        4
   Silence                            Hexes/Air                    5
   Tukima's Dance                     Hexes                        5
   Deflect Missiles                   Charms/Air                   6
   Haste                              Charms                       6
   Discord                            Hexes                        8
 B - a Grand Grimoire {highlevel, unknown}

   This book is beyond your current level of understanding.

   Spells                             Type                      Level
   Aura of Abjuration                 Summoning                    6
   Forceful Dismissal                 Summoning                    6
   Haunt                              Necromancy/Summoning         7
   Summon Greater Demon               Summoning                    7
   Malign Gateway                     Summoning/Translocation      7
   Summon Horrible Things             Summoning                    8
Rods
 T - a +0 rod of inaccuracy (9/9)
   (You found it on level 10 of the Dungeon)
 X - a +7 rod of shadows (11/11)
   (You found it in a labyrinth)
 Y - a +6 rod of ignition (13/13)
   (You found it in a labyrinth)


   Skills:
 + Level 13.5 Fighting
 - Level 16.0 Maces & Flails
 - Level 7.0 Throwing
 - Level 2.6 Dodging
 - Level 13.8 Shields
 - Level 3.5 Spellcasting
 * Level 5.8 Charms
 - Level 5.2 Translocations
 - Level 4.0 Air Magic
 - Level 7.0 Evocations


You had 2 spell levels left.
You knew the following spells:

 Your Spells              Type           Power        Failure   Level  Hunger
a - Apportation           Tloc           #.........   3%          1    ##.....
b - Blink                 Tloc           N/A          6%          2    ###....
c - Repel Missiles        Chrm/Air       #.....       10%         2    ###....
d - Swiftness             Chrm/Air       #.......     10%         2    ###....
e - Portal Projectile     Tloc           #.....       12%         3    ####...
f - Shroud of Golubria    Chrm/Tloc      ##........   6%          2    ###....
g - Passage of Golubria   Tloc           N/A          38%         4    #####..
h - Flight                Chrm/Air       #.........   14%         3    ####...


Dungeon Overview and Level Annotations

Branches:
Dungeon (15/15)            Temple (1/1) D:5             Orc (4/4) D:9
   Lair (6/8) D:9          Spider (5/5) Lair:5       Vaults (0/5) D:13
 Depths (1/5) D:15
    Elf: Orc:3-4      Swamp: Lair:3-6    Shoals: Lair:3-6     Snake: Lair:3-6
  Slime: Lair:6-8

Altars:
Ashenzari
Cheibriados
Dithmenos
Elyvilon
Fedhas
Gozag
Kikubaaqudgha
Makhleb
Nemelex Xobeh
Okawaru
Qazlal
Sif Muna
Trog
Vehumet
Xom
Yredelemnul
Zin
The Shining One
Beogh

Shops:
Orc:4 ([[

Annotations:
D:5 Blork the orc


Innate Abilities, Weirdness & Mutations

You are too large for most types of armour.
You have a fast metabolism.
You can tolerate rotten meat.
You have tough skin (AC +1).


Message History

There is a sudden explosion of sparks!
The emperor scorpion is severely wounded.
You feel yourself slow down.
The red wasp rages.
You closely miss the emperor scorpion.
The emperor scorpion is severely wounded.
You feel sick.
The emperor scorpion closely misses you.
You block the emperor scorpion's attack.
The emperor scorpion claws you!
* * * LOW HITPOINT WARNING * * *
Drink which item? (? for menu, Esc to quit)
You feel much better.
The emperor scorpion closely misses you.
The emperor scorpion claws you!
* * * LOW HITPOINT WARNING * * *
The emperor scorpion claws you but does no damage.
The emperor scorpion stings you!
You die...
Your body crumbles into a pile of gold.

##### #..≈### ###
#####...sy#######≈≈###
###.≈≈^.≈syys@^.#≈≈≈..^#
####≈≈....##yy##...≈≈≈≈..##
≈≈#....#..##≈.###....##.##
≈≈....#####..≈# ##≈...###
#≈...≈# #sy## #≈...#
.....## #y'# ##...# ≈.≈###
y.##. ##...# ..## #..y .s
##≈..# ≈.# +... ... ..≈


You could see 3 emperor scorpions, a moth of wrath, 3 red wasps and a yellow
wasp.

Vanquished Creatures
  The ghost of braks the Executioner, a mighty LOBe of Trog (Spider:5)
  A ghost moth (Spider:5)
  Gastronok (Lair:2)
  A minotaur (Lab)
  Josephine (Orc:3)
  Fannar (Lair:2)
  A yaktaur captain (D:13)
  Harold (Lair:1)
  A hydra (D:14)
  A deep troll earth mage (D:15)
  The ghost of hunterx7d the Reanimator, a powerful DsNe of Kikubaaqudgha (D:12)
  5 orc high priests (Orc:4)
  3 centaur warriors
  An iron troll (D:15)
  The ghost of hunterx7d the Frost Mage, an experienced MfIE of Qazlal (D:12)
  8 orb spiders
  3 wizards (D:15)
  3 unseen horrors
  4 hill giants
  A red wasp (Spider:5)
  2 deep trolls (D:15)
  11 wolf spiders
  Joseph (D:7)
  5 orc knights (Orc:4)
  3 griffons
  An orc sorcerer (Orc:3)
  A necromancer (D:15)
  3 cyclopes
  3 manticores
  5 black mambas
  An elephant (D:9)
  A naga mage (D:15)
  2 orange demons (Orc:4)
  6 gargoyles
  5 spiny frogs
  3 komodo dragons
  A feature mimic (Lair:5)
  2 yaktaurs (D:13)
  An efreet (D:15)
  2 trolls
  A hydra zombie (D:13)
  A blue devil (Orc:4)
  9 slime creatures
  A minotaur skeleton (Lab)
  A fire vortex (Volcano)
  12 jumping spiders
  A griffon zombie (D:15)
  A fire dragon zombie (D:15)
  5 basilisks
  14 redbacks
  A deep elf mage (D:14)
  An elephant slug (D:9)
  7 trapdoor spiders
  6 tarantellas
  6 yaks
  6 hippogriffs
  12 ugly things
  3 hungry ghosts
  3 sharks
  A tengu zombie (D:14)
  3 vampire mosquitoes
  A warg (Orc:3)
  4 fire elementals (Volcano)
  7 wolves
  A naga (Lair:5)
  2 water moccasins
  4 porcupines
  25 spiders
  A mottled dragon (D:14)
  7 ogres
  25 orc warriors
  A phantom (D:7)
  A manticore zombie (D:15)
  A black bear (Lair:3)
  A yellow wasp (D:13)
  3 ice beasts
  8 centaurs
  Sigmund (D:6)
  A big kobold (D:10)
  4 crocodiles
  3 wandering mushrooms (Lab)
  5 giant slugs
  A yaktaur zombie (D:15)
  An earth elemental (Lab)
  8 giant frogs
  3 cyclops skeletons
  5 scorpions
  An elf zombie (D:15)
  An eye of draining (D:14)
  An electric eel (Spider:5)
  A hippogriff skeleton (D:13)
  6 crimson imps
  6 wights
  2 goliath beetles
  33 orc priests
  2 jellies
  13 hounds
  A quasit (D:9)
  An iguana (Lair:3)
  A big fish (Lair:3)
  24 orc wizards
  A warg simulacrum (Orc:3)
  4 sheep
  8 worker ants
  3 ogre skeletons
  A sky beast zombie (D:11)
  A mottled dragon skeleton (D:11)
  A scorpion zombie (D:7)
  18 adders
  3 gnolls (D:9)
  41 green rats
  A mottled dragon simulacrum (D:15)
  2 shadow imps
  5 giant mites
  7 worms
  3 orc skeletons
  5 giant geckos
  2 oozes
  182 orcs
  A ball python (D:3)
  A bat zombie (D:6)
  4 giant cockroaches
  6 hobgoblins
  5 quokkas
  15 bats
  A giant gecko skeleton (D:4)
  5 giant newts
  A giant spore (D:6)
  14 goblins
  A hobgoblin zombie (Orc:3)
  24 jackals
  11 kobolds
  5 orc zombies
  17 rats
  A rat skeleton (D:6)
  3 ballistomycetes
  A butterfly (Lair:1)
  2 plants (Lair:6)
817 creatures vanquished.

Vanquished Creatures (others)
  A centaur warrior (D:12)
  An orb spider (Spider:5)
  3 fire vortices (Volcano)
  A mottled dragon (D:15)
  A sky beast (D:14)
  A giant spore (D:13)
  A plant (Lair:2)
9 creatures vanquished.

Grand Total: 826 creatures vanquished

Notes
Turn   | Place    | Note
--------------------------------------------------------------
     0 | D:1      | Plastic, the Ogre Fighter, began the quest for the Orb.
     0 | D:1      | Reached XP level 1. HP: 24/24 MP: 1/1
    96 | D:1      | Reached XP level 2. HP: 32/32 MP: 2/2
   399 | D:2      | Reached XP level 3. HP: 13/39 MP: 3/3
   501 | D:3      | Reached skill level 5 in Maces & Flails
   589 | D:3      | Noticed an ice beast
   601 | D:3      | Killed an ice beast
   601 | D:3      | Reached skill level 6 in Maces & Flails
   601 | D:3      | Reached XP level 4. HP: 28/48 MP: 4/4
   601 | D:3      | Reached XP level 5. HP: 31/54 MP: 5/5
   682 | D:4      | Reached skill level 7 in Maces & Flails
   934 | D:5      | Entered Level 5 of the Dungeon
   936 | D:5      | Reached XP level 6. HP: 62/62 MP: 6/6
   991 | D:5      | Found a burning altar of Makhleb.
   991 | D:5      | Found an iron altar of Okawaru.
  1007 | D:5      | Found a staircase to the Ecumenical Temple.
  1016 | Temple   | Entered the Ecumenical Temple
  1089 | D:6      | Reached skill level 8 in Maces & Flails
  1097 | D:6      | Reached XP level 7. HP: 55/70 MP: 7/7
  1212 | D:6      | Found a bloodstained altar of Trog.
  1218 | D:6      | Found a white marble altar of Elyvilon.
  1247 | D:6      | Reached skill level 5 in Shields
  1334 | D:6      | Noticed Sigmund
  1348 | D:6      | Killed Sigmund
  1407 | D:6      | Reached skill level 9 in Maces & Flails
  1412 | D:6      | Reached XP level 8. HP: 57/78 MP: 8/8
  1674 | D:6      | Learned a level 1 spell: Apportation
  1677 | D:6      | Learned a level 2 spell: Blink
  1793 | D:4      | Noticed an ogre
  1799 | D:4      | Killed an ogre
  2012 | D:3      | Found a bloodstained altar of Trog.
  2032 | D:3      | You fall through a shaft!
  2141 | D:5      | Noticed Blork the orc
  2482 | D:7      | Noticed Joseph
  2494 | D:7      | Killed Joseph
  2494 | D:7      | Reached skill level 10 in Maces & Flails
  2494 | D:7      | Reached XP level 9. HP: 82/84 MP: 9/9
  2651 | D:8      | Got a steaming sling
  2761 | D:8      | Learned a level 2 spell: Repel Missiles
  2764 | D:8      | Learned a level 2 spell: Swiftness
  2841 | D:7      | Found a deep blue altar of Sif Muna.
  2886 | D:9      | Reached skill level 5 in Fighting
  3009 | D:9      | Reached skill level 1 in Throwing
  3077 | D:9      | Reached skill level 11 in Maces & Flails
  3112 | D:9      | Found a staircase to the Orcish Mines.
  3335 | Temple   | Became a worshipper of Gozag Ym Sagoz the Greedy
  3517 | D:9      | Reached XP level 10. HP: 87/102 MP: 10/10
  3539 | D:9      | Noticed an elephant
  3563 | D:9      | Killed an elephant
  3578 | D:9      | Found a staircase to the Lair.
  3656 | Lair:1   | Entered Level 1 of the Lair of Beasts
  3656 | Lair:1   | Noticed Harold
  3694 | Lair:1   | Killed Harold
  3694 | Lair:1   | Reached skill level 5 in Throwing
  4021 | Lair:1   | Reached skill level 10 in Fighting
  4021 | Lair:1   | Reached skill level 12 in Maces & Flails
  4045 | Lair:1   | Noticed a black mamba
  4052 | Lair:1   | Killed a black mamba
  4131 | Lair:1   | Reached XP level 11. HP: 69/119 MP: 11/11
  4170 | Lair:1   | Reached skill level 1 in Spellcasting
  4205 | Lair:1   | Reached skill level 1 in Translocations
  4381 | Lair:2   | Noticed Gastronok
  4414 | Lair:2   | Killed Gastronok
  4578 | Lair:2   | Found a labyrinth entrance.
  4586 | Lab      | Entered a labyrinth
  4757 | Lab      | Got an iridescent dagger
  4788 | Lab      | Identified the +10,+3 sling of Exquisite Death {frost, rC+} (You found it on level 8 of the Dungeon)
  4789 | Lab      | Identified the +8,+6 dagger "Wautinui" {freeze, rElec rF+ MR+ Dex-2} (You found it in a labyrinth)
  4988 | Lab      | Noticed a minotaur
  5003 | Lab      | Killed a minotaur
  5003 | Lab      | Reached skill level 13 in Maces & Flails
  5016 | Lab      | Got an ancient golden ring
  5043 | Lair:2   | Identified the cursed ring "Pnam" {MP+9 Str+4 Dex+2 Curse} (You found it in a labyrinth)
  5044 | Lair:2   | Identified a +7 rod of shadows (11/11) (You found it in a labyrinth)
  5045 | Lair:2   | Identified a +6 rod of ignition (13/13) (You found it in a labyrinth)
  5073 | Lair:2   | Learned a level 3 spell: Portal Projectile
  5076 | Lair:2   | Learned a level 2 spell: Shroud of Golubria
  5081 | Lair:2   | Learned a level 4 spell: Passage of Golubria
  5171 | Lair:3   | Noticed Fannar
  5233 | Lair:2   | Killed Fannar
  5393 | Lair:4   | Reached XP level 12. HP: 105/127 MP: 21/21
  5513 | Lair:3   | Reached skill level 5 in Translocations
  5741 | Lair:5   | Found a staircase to the Snake Pit.
  5827 | Lair:5   | Found a hole to the Spider Nest.
  5947 | Lair:5   | Reached skill level 10 in Shields
  6138 | Lair:6   | Got a pair of jewelled boots
  6246 | Lair:6   | Reached skill level 14 in Maces & Flails
  6368 | Lair:6   | Found a dark tunnel.
  6390 | Volcano  | Entered a volcano
  7104 | Volcano  | HP: 4/127 [cloud of flame (16)]
  7219 | Lair:4   | Got a heavy robe
  7225 | Lair:4   | Identified the cursed -2 robe of Orthodoxy {Str+5 Dex-4 Acc+4} (You found it on level 4 of the Lair of Beasts)
  7606 | D:10     | Entered Level 10 of the Dungeon
  7823 | D:11     | Upgraded the game from 0.15-a0-674-g7948ca6 to 0.15-a0-717-ga3c592f
  7869 | D:10     | Identified a +0 rod of inaccuracy (9/9) (You found it on level 10 of the Dungeon)
  8041 | Orc:1    | Entered Level 1 of the Orcish Mines
  8370 | Orc:2    | Found a roughly hewn altar of Beogh.
  8434 | Orc:3    | Reached skill level 1 in Evocations
  8546 | Orc:3    | Noticed Josephine
  8609 | Orc:3    | Killed Josephine
  8771 | Orc:4    | Entered Level 4 of the Orcish Mines
  8771 | Orc:4    | Found a flickering gateway to a bazaar.
  8976 | Bazaar   | Entered a bazaar
  8984 | Bazaar   | Found Walic's Armour Shop.
  8984 | Bazaar   | Found Usagha's Food Boutique.
  8999 | Bazaar   | Bought a meat ration for 50 gold pieces
  8999 | Bazaar   | Bought an orange for 10 gold pieces
  8999 | Bazaar   | Bought an apple for 7 gold pieces
  8999 | Bazaar   | Bought a rambutan for 6 gold pieces
  8999 | Bazaar   | Bought a pear for 7 gold pieces
  8999 | Bazaar   | Bought a bread ration for 44 gold pieces
  8999 | Bazaar   | Bought an apple for 7 gold pieces
  8999 | Bazaar   | Bought a rambutan for 6 gold pieces
  8999 | Bazaar   | Bought a bread ration for 44 gold pieces
  8999 | Bazaar   | Bought an apple for 7 gold pieces
  8999 | Bazaar   | Bought 8 strawberries for 16 gold pieces
  9017 | Bazaar   | Found Pnashoha's Book Shop.
  9034 | Bazaar   | Found Simig's Distillery.
  9039 | Bazaar   | Bought a potion of confusion for 9 gold pieces
  9039 | Bazaar   | Bought a potion of degeneration for 18 gold pieces
  9039 | Bazaar   | Bought a potion of agility for 22 gold pieces
  9039 | Bazaar   | Bought a potion of haste for 63 gold pieces
  9039 | Bazaar   | Bought a potion of heal wounds for 27 gold pieces
  9039 | Bazaar   | Bought a potion of resistance for 63 gold pieces
  9145 | Orc:4    | HP: 5/127 [orc priest/divine providence (11)]
  9395 | Orc:3    | Paralysed by an orc sorcerer for 4 turns
  9672 | Orc:4    | Found a roughly hewn altar of Beogh.
  9748 | Orc:4    | Reached XP level 13. HP: 74/135 MP: 22/22
 10052 | Orc:4    | Noticed an orc high priest
 10067 | Orc:4    | Reached skill level 5 in Evocations
 10091 | Orc:4    | Killed an orc high priest
 10361 | Orc:4    | Noticed an orc high priest
 10607 | Orc:4    | Killed an orc high priest
 10740 | Orc:4    | Noticed an orc high priest
 10797 | Orc:4    | Killed an orc high priest
 10826 | Orc:4    | Noticed an orc high priest
 10834 | Orc:4    | Killed an orc high priest
 10845 | Orc:4    | Noticed an orc high priest
 10850 | Orc:4    | Killed an orc high priest
 10863 | Orc:4    | Found Segiepup's Armour Emporium.
 10865 | Orc:4    | Found Trodysi's Antique Weapon Emporium.
 10865 | Orc:4    | Found Thraprose's Armour Shoppe.
 10866 | Orc:4    | Found Moqiyst's Magic Scroll Emporium.
 10881 | Orc:4    | Bought a +1 cloak for 123 gold pieces
 10889 | Orc:4    | Bought a scroll of identify for 24 gold pieces
 10889 | Orc:4    | Bought 2 scrolls of teleportation for 72 gold pieces
 10889 | Orc:4    | Bought a scroll of amnesia for 42 gold pieces
 10889 | Orc:4    | Bought a scroll of remove curse for 36 gold pieces
 10889 | Orc:4    | Bought a scroll of teleportation for 36 gold pieces
 10889 | Orc:4    | Bought a scroll of identify for 24 gold pieces
 10892 | Orc:4    | Bought a +2 troll leather armour for 300 gold pieces
 10894 | Orc:4    | Bought a crystal morningstar for 297 gold pieces
 10895 | Orc:4    | Identified the cursed +2,+0 morningstar of True Grit {elec, rF+ rC- MR++} (You bought it in a shop on level 4 of the Orcish Mines)
 11054 | Lair:1   | Learned a level 3 spell: Flight
 11063 | Lair:1   | Upgraded the game from 0.15-a0-717-ga3c592f to 0.15-a0-734-g2b8d6ef
 11432 | D:12     | Noticed hunterx7d's ghost (experienced MfIE)
 11441 | D:12     | Killed hunterx7d's ghost
 11483 | D:12     | Found a basalt altar of Yredelemnul.
 11541 | D:12     | Noticed hunterx7d's ghost (powerful DsNe)
 11555 | D:12     | Killed hunterx7d's ghost
 11922 | D:13     | Found an opulent altar of Gozag.
 11971 | D:13     | Reached skill level 15 in Maces & Flails
 12380 | D:15     | Entered Level 15 of the Dungeon
 12396 | D:15     | Reached XP level 14. HP: 140/144 MP: 24/24
 12423 | D:15     | Reached skill level 1 in Charms
 12443 | D:15     | Reached skill level 1 in Air Magic
 12466 | D:15     | QYB, TWIT destroyed
 12515 | D:15     | Found a blossoming altar of Fedhas.
 13015 | D:15     | Found a staircase to the Depths.
 13031 | Depths:1 | Entered Level 1 of the Depths
 13049 | D:15     | Reached skill level 16 in Maces & Flails
 13423 | D:14     | Noticed a tengu reaver
 13429 | D:14     | ZIBAD destroyed
 13437 | D:14     | Noticed a bone dragon
 13550 | D:13     | Found a gate to the Vaults.
 13910 | Lair:5   | the staircase to the Snake Pit was a mimic.
 13966 | Spider:1 | Entered Level 1 of the Spider Nest
 14246 | Spider:5 | Entered Level 5 of the Spider Nest
 14332 | Spider:5 | Noticed braks' ghost (mighty LOBe)
 14361 | Spider:5 | Killed braks' ghost
 14361 | Spider:5 | Reached XP level 15. HP: 37/156 MP: 0/25
 14974 | Spider:5 | Killed a ghost moth
 14974 | Spider:5 | Reached skill level 5 in Charms
 15301 | Spider:5 | Noticed an emperor scorpion
 15301 | Spider:5 | Noticed an emperor scorpion
 15302 | Spider:5 | Noticed an emperor scorpion
 15303 | Spider:5 | Noticed an emperor scorpion
 15342 | Spider:5 | HP: 8/161 [emperor scorpion (17)]
 15343 | Spider:5 | Slain by an emperor scorpion

Action                   |  1- 3 |  4- 6 |  7- 9 | 10-12 | 13-15 || total
-------------------------+-------+-------+-------+-------+-------++-------
Melee: Flail             |   108 |    24 |   514 |  1280 |   294 ||  2220
       Whip              |     5 |    54 |       |       |       ||    59
       Dagger            |       |       |       |     3 |       ||     3
       Morningstar       |       |       |       |       |   907 ||   907
Throw: Tomahawk          |     2 |       |     8 |     7 |       ||    17
       Large rock        |       |       |     2 |    47 |    77 ||   126
       Throwing net      |       |       |       |     4 |       ||     4
 Cast: Apportation       |       |       |       |    18 |       ||    18
       Blink             |       |       |       |     2 |       ||     2
Invok: Potion Petition   |       |       |       |     1 |       ||     1
Evoke: Wand              |       |       |     2 |    16 |    16 ||    34
  Use: Scroll            |       |       |     9 |     7 |    14 ||    30
       Potion            |       |       |     2 |     9 |     8 ||    19
 Stab: Sleeping          |       |       |       |     1 |       ||     1
